 Dungeon Crawl Stone Soup version 0.16.1-12-gf5c4a84 (webtiles) character file.

182 Thalios the Skirmisher (level 5, -6/37 HPs)
             Began as a Gargoyle Fighter on Apr 10, 2015.
             Killed by divine providence
             ... invoked by an orc priest
              (13 damage)
             ... on level 3 of the Dungeon.
             The game lasted 00:05:29 (1776 turns).

Thalios the Skirmisher (Gargoyle Fighter)           Turns: 1776, Time: 00:05:29

Health: -6/37      AC: 13    Str: 20    XL:     5   Next: 62%
Magic:  5/5        EV:  7    Int:  9    God:
Gold:   96         SH:  9    Dex:  9    Spells: 0 memorised, 4 levels left

rFire  . . .     SeeInvis .     a - +0 flail
rCold  . . .     Clarity  .     b - +0 scale mail
rNeg   + . .     SustAb   .     c - +0 shield
rPois  ∞         Gourm    .     (no helmet)
rElec  +         Spirit   .     (no cloak)
rCorr  .         Warding  .     (no gloves)
rMut   .         Stasis   .     i - +1 pair of boots
MR     .....                    (no amulet)
Stlth  ..........               (no ring)
                                (no ring)

@: not resistant to hostile enchantments, extremely unstealthy
A: negative energy resistance 1, electricity resistance, unbreathing,
petrification resistance, rot immunity, AC +4
a: no special abilities


You were on level 3 of the Dungeon.
You were very hungry.

You visited 1 branch of the dungeon, and saw 3 of its levels.

You collected 96 gold pieces.

Inventory:

Hand weapons
 a - a +0 flail (weapon)
Armour
 b - a +0 scale mail (worn)
 c - a +0 shield (worn)
 i - a +1 pair of boots (worn)
Jewellery
 l - an uncursed amulet of clarity {unknown}
Scrolls
 f - 2 scrolls of identify {unknown}
 g - 4 scrolls of remove curse {unknown}
 k - a scroll of enchant weapon {unknown}
 m - a scroll of fog {unknown}
 n - a scroll of recharging {unknown}
Potions
 e - a potion of might
 h - a potion of haste {unknown}
 j - a potion of cure mutation {unknown}
 o - a potion of lignification {unknown}
 p - a potion of magic {unknown}
 q - 2 potions of cancellation {unknown}
Comestibles
 d - 2 bread rations
 r - 8 chunks of flesh


   Skills:
 * Level 6.7 Fighting
 - Level 2.0 Maces & Flails
 - Level 3.2 Armour
 - Level 3.2 Shields


You had 4 spell levels left.
You didn't know any spells.

Dungeon Overview and Level Annotations

Branches:
Dungeon (3/15)

Altars:


Innate Abilities, Weirdness & Mutations

You are resistant to torment.
You are immune to poison.
Your stone body is very resilient (AC +4).
You resist negative energy.
You are resistant to electric shocks.
You can survive without breathing.
You are immune to petrification.
You are immune to rotting.


Message History

Press ? for a list of commands and other information.
A kobold, an orc and an orc priest come into view.
The kobold shouts!
The orc shouts!
The orc priest shouts!
You block the orc priest's attack.
You closely miss the orc priest.
The orc priest hits you but does no damage.
Your shield prevents you from hitting the orc priest.
The orc priest glows brightly for a moment.
You closely miss the orc priest.
The orc priest calls down the wrath of Beogh upon you.
Something smites you!
* * * LOW HITPOINT WARNING * * *
The orc priest invokes the aid of Beogh against you.
Pain shoots through your body!
* * * LOW HITPOINT WARNING * * *
You are too injured to fight recklessly!
You closely miss the orc priest.
The orc priest mumbles some strange prayers to Beogh against you.
Something smites you!
You die...

###################
#.@................
#o#################
#######.####
............#
#######.##.# #.# .#
#.# .. ..# #o. ###
o..


You could see an orc priest.

Vanquished Creatures
  2 orc wizards (D:3)
  3 adders (D:2)
  3 gnolls (D:2)
  4 worms (D:2)
  2 orcs (D:3)
  5 bats
  3 giant cockroaches
  5 goblins
  3 hobgoblins
  4 jackals (D:1)
  2 ball pythons
  3 giant newts
  8 kobolds
  3 quokkas (D:2)
  6 rats
56 creatures vanquished.

Notes
Turn   | Place    | Note
--------------------------------------------------------------
     0 | D:1      | Thalios, the Gargoyle Fighter, began the quest for the Orb.
     0 | D:1      | Reached XP level 1. HP: 14/14 MP: 1/1
    30 | D:1      | Reached XP level 2. HP: 18/20 MP: 2/2
    41 | D:1      | Reached skill level 4 in Fighting
   599 | D:2      | Reached XP level 3. HP: 24/24 MP: 3/3
   668 | D:2      | Reached skill level 5 in Fighting
   790 | D:2      | Reached XP level 4. HP: 28/31 MP: 4/4
  1212 | D:2      | Reached skill level 6 in Fighting
  1217 | D:2      | Reached XP level 5. HP: 33/36 MP: 5/5
  1776 | D:3      | Killed from afar by an orc priest

Action                   |  1- 3 |  4- 6 || total
-------------------------+-------+-------++-------
Melee: Flail             |   126 |   109 ||   235
  Eat: Chunk             |       |     2 ||     2
